 Dungeon Crawl Stone Soup version 0.19.0-18-g426998a (webtiles) character file.

92 Delusion the Stinger (level 4, -19/34 HPs)
             Began as a Demonspawn Venom Mage on Nov 11, 2016.
             Demolished by an ogre
             ... wielding a +0 giant club
              (31 damage)
             ... on level 2 of the Dungeon.
             The game lasted 00:19:32 (3877 turns).

Delusion the Stinger (Demonspawn Venom Mage)        Turns: 3877, Time: 00:19:33

Health: -19/34     AC:  5    Str: 10    XL:     4   Next: 35%
Magic:  7/7        EV: 12    Int: 16    God:
Gold:   57         SH:  0    Dex: 13    Spells: 2 memorised, 3 levels left

rFire  . . .     SeeInvis .     y - +1 whip (flame)
rCold  . . .     Gourm    .     a - +0 robe
rNeg   . . .     Faith    .     (no shield)
rPois  .         Spirit   .     h - +0 helmet
rElec  .         Reflect  .     (no cloak)
rCorr  .         Harm     .     (no gloves)
MR     .....                    (no boots)
Stlth  ++........               (no amulet)
                                (no ring)
                                (no ring)

@: no status effects
A: slimy green scales 1
a: no special abilities


You were on level 2 of the Dungeon.
You were not hungry.

You visited 1 branch of the dungeon, and saw 3 of its levels.

You collected 57 gold pieces.

Inventory:

Hand Weapons
 o - a +0 hand axe
 s - a +0 short sword
 y - a +1 whip of flaming (weapon)
Armour
 a - a +0 robe (worn)
 h - a +0 helmet (worn)
 u - a +0 robe
 x - a +0 robe
Scrolls
 e - 3 scrolls of magic mapping {unknown}
 l - 5 scrolls of identify {unknown}
 p - 2 scrolls of remove curse {unknown}
Potions
 f - a potion of lignification {unknown}
 i - a potion of flight {unknown}
 j - a potion of ambrosia {unknown}
 k - a potion of cancellation {unknown}
 m - a potion of curing {unknown}
 q - a potion of invisibility {unknown}
 r - a potion of cure mutation {unknown}
 t - a potion of mutation {unknown}
 v - a potion of brilliance {unknown}
 w - a potion of degeneration {unknown}
Books
 b - a Young Poisoner's Handbook

   Spells                             Type                      Level
   a - Sting                          Conjuration/Poison           1
   b - Mephitic Cloud                 Conjuration/Poison/Air       3
   c - Olgreb's Toxic Radiance        Poison                       4
   d - Alistair's Intoxication        Transmutation/Poison         5
   e - Venom Bolt                     Conjuration/Poison           5
Comestibles
 c - 2 chunks of flesh
 d - 2 meat rations
 g - 4 fruits
 n - a beef jerky


   Skills:
 * Level 2.4 Fighting
 + Level 0.1 Armour
 + Level 1.9 Dodging
 - Level 1.7 Stealth
 - Level 2.0 Spellcasting
 + Level 0.4 Conjurations
 - Level 5.0 Poison Magic


You had 3 spell levels left.
You knew the following spells:

 Your Spells              Type           Power        Failure   Level  Hunger
a - Sting                 Conj/Pois      ##..         10%         1    #......
b - Mephitic Cloud        Conj/Pois/Air  #.......     34%         3    ###....


Dungeon Overview and Level Annotations

Branches:
Dungeon (3/15)

Altars:
Qazlal


Innate Abilities, Weirdness & Mutations

You are partially covered in slimy green scales. (AC +2)


Message History

The hobgoblin is moderately wounded.
The hobgoblin shouts!
You kill the hobgoblin!
You see here a hobgoblin corpse.
You butcher the hobgoblin corpse.
c - 2 chunks of flesh
There is a stone staircase leading down here.
You start resting.
HP restored.
There is a stone staircase leading down here.
You climb downwards.
The ogre closely misses you. The ogre hits you with a giant club!!
Ouch! That really hurt!
* * * LOW HITPOINT WARNING * * *
There is a stone staircase leading up, spattered with blood here.
You climb upwards.
There is a stone staircase leading down here.
The ogre hits you with a giant club!!
Ouch! That really hurt!
You die...

###.#.##########
#############...#...........
#.............#.#.##########
#.#############.#........# #.#
#..........########.#
#.####.#################.#
#.......# #..............#
####.(.....###..............###
#........)....@O...............
#.##........................###
#.##.####'#.##..............#
#.##<# #.#.................#
#.##.####.######..)..####'#'###
#.##..................# #......
#.###.....######......###......
#w# #.....# #.'......#.'......
#.# #.....# #.#......#.#......


You could see an ogre.

Vanquished Creatures
  4 adders
  2 oozes (D:1)
  2 worms (D:2)
  2 dart slugs (D:2)
  A leopard gecko (D:3)
  2 giant cockroaches (D:1)
  6 hobgoblins
  A quokka (D:2)
  5 bats
  4 frilled lizards
  2 goblins
  3 kobolds
  7 rats
41 creatures vanquished.

Notes
Turn   | Place    | Note
-------+----------+-------------------------------------------
     0 | D:1      | Delusion the Demonspawn Venom Mage began the quest for the Orb.
     0 | D:1      | Reached XP level 1. HP: 13/13 MP: 3/3
   724 | D:1      | Gained mutation: You are partially covered in slimy green scales. (AC +2) [demonic ancestry]
   724 | D:1      | Reached XP level 2. HP: 16/19 MP: 1/5
  1230 | D:1      | Reached skill level 1 in Fighting
  1827 | D:2      | Reached XP level 3. HP: 23/26 MP: 1/6
  2246 | D:2      | Learned a level 3 spell: Mephitic Cloud
  2913 | D:2      | Reached skill level 5 in Poison Magic
  3218 | D:3      | Reached XP level 4. HP: 33/33 MP: 5/7
  3226 | D:3      | Found a stormy altar of Qazlal.
  3565 | D:3      | Noticed an ogre
  3877 | D:2      | Demolished by an ogre

Skill      XL: |  1  2  3 |
---------------+----------+-----
Fighting       | 1 2 |  2.4
Poison Magic   | 5 |  5.0
Armour         | |  0.1
Dodging        | |  1.9
Stealth        | |  1.7
Spellcasting   | |  2.0
Conjurations   | |  0.4

Action                   |  1- 3 |  4- 6 || total
-------------------------+-------+-------++-------
Melee: Unarmed           |    15 |       ||    15
       Hand axe          |    31 |     2 ||    33
       Whip              |       |     1 ||     1
 Cast: Sting             |    92 |    19 ||   111
       Mephitic Cloud    |     2 |       ||     2
 Stab: Sleeping          |     1 |     1 ||     2
  Eat: Chunk             |     9 |     1 ||    10
       Bread ration      |       |     1 ||     1
Armor: Robe              |    37 |     6 ||    43
Dodge: Dodged            |    63 |    13 ||    76
